TEX
FRISCO ROUGHRIDERS @ NORTHWEST ARKANSAS NATURALS
06/03/2099
 
TOP OF THE 1ST
Frisco RoughRiders batting - Pitching for Northwest Arkansas Naturals : RHP Bill Fike
Pitching: RHP Bill Fike
Batting: LHB Jose Mejia 0-0: Foul Ball, location: 3SF
0-1: Ball
1-1: Swinging Strike
1-2: Strikes out swinging
Batting: RHB Zach Baltzell 0-0: Foul Ball, location: 3SF
0-1: SINGLE (Line Drive, 6MD, EV 101.9 MPH)
Batting: LHB B.J. Tegeler 0-0: Called Strike
0-1: DOUBLE (Groundball, 3L, EV 105.6 MPH)
Zach Baltzell to third
Batting: LHB Paul Rodriguez 0-0: Ball
1-0: Foul Ball, location: 2F
1-1: Ball
2-1: Ball
3-1: Fly out, F7 (Flyball, 7, EV 85.6 MPH)
Runner from 3rd tags up, SCORES, throw by LF
Batting: RHB Mark Bray 0-0: Ground out 6-3 (Groundball, 6, EV 104.4 MPH)
Top of the 1st over - 1 run, 2 hits, 0 errors, 1 left on base; Frisco 1 - Northwest Arkansas 0
BOTTOM OF THE 1ST
Northwest Arkansas Naturals batting - Pitching for Frisco RoughRiders : RHP Arturo Segura
Pitching: RHP Arturo Segura
Batting: RHB Austin Penland 0-0: Ball
1-0: SINGLE (Groundball, 15S, EV 66.3 MPH) (infield hit)
Batting: RHB Joe Austin 0-0: Ground out 6-3 (Groundball, 56, EV 76.3 MPH)
Austin Penland to second
Batting: LHB Daniel Pinedo 0-0: Foul Ball, location: 25F
0-1: Swinging Strike
0-2: Ball
1-2: Ball
2-2: Ball
3-2: Fly out, F8 (Flyball, 8LXD, EV 110.6 MPH)
Runner from 2nd tags up, SAFE at 3rd, no throw by CF
Batting: LHB Dustin McCoy 0-0: Foul Ball, location: 7LSF
0-1: Ball
1-1: Foul Ball, location: 5F
1-2: Strikes out swinging
Bottom of the 1st over - 0 runs, 1 hit, 0 errors, 1 left on base; Frisco 1 - Northwest Arkansas 0
TOP OF THE 2ND
Frisco RoughRiders batting - Pitching for Northwest Arkansas Naturals : RHP Bill Fike
Batting: LHB Justin Howard 0-0: Ball
1-0: Foul Ball, location: 23FF
1-1: SINGLE (Line Drive, 6D, EV 95.6 MPH)
Batting: RHB Aaron Cote 0-0: Ball
1-0: Called Strike
1-1: Ball
2-1: Grounds into double play, 4-6-3 (Groundball, 34, EV 107.5 MPH)
Batting: RHB Joe Keyser 0-0: Ball
1-0: Called Strike
1-1: Swinging Strike
1-2: Strikes out swinging
Top of the 2nd over - 0 runs, 1 hit, 0 errors, 0 left on base; Frisco 1 - Northwest Arkansas 0
BOTTOM OF THE 2ND
Northwest Arkansas Naturals batting - Pitching for Frisco RoughRiders : RHP Arturo Segura
Batting: RHB Prímio Boucinho 0-0: Foul Ball, location: 2LF
0-1: Foul Ball, location: 9LMF
0-2: Strikes out swinging
Batting: LHB Ken Campbell 0-0: Called Strike
0-1: Ball
1-1: Foul Ball, location: 5DF
1-2: Foul Ball, location: 5FF
1-2: Ground out 4-3 (Groundball, 34D, EV 110.6 MPH)
Batting: RHB Sam Gilpin 0-0: Foul Ball, location: 2RF
0-1: Foul Ball, location: 3DF
0-2: Foul Ball, location: 2F
0-2: Ball
1-2: Ground out 5-3 (Groundball, 56, EV 105.0 MPH)
Bottom of the 2nd over - 0 runs, 0 hits, 0 errors, 0 left on base; Frisco 1 - Northwest Arkansas 0
TOP OF THE 3RD
Frisco RoughRiders batting - Pitching for Northwest Arkansas Naturals : RHP Bill Fike
Batting: RHB Jason Perilli 0-0: Called Strike
0-1: Ball
1-1: Foul Ball, location: 7LMFF
1-2: Strikes out looking
Batting: LHB Jose Mejia 0-0: Swinging Strike
0-1: Ball
1-1: Foul Ball, location: 7LMF
1-2: Foul Ball, location: 7LDF
1-2: Ball
2-2: Strikes out swinging
Batting: RHB Zach Baltzell 0-0: Ball
1-0: Ground out 5-3 (Groundball, 56, EV 96.3 MPH)
Top of the 3rd over - 0 runs, 0 hits, 0 errors, 0 left on base; Frisco 1 - Northwest Arkansas 0
BOTTOM OF THE 3RD
Northwest Arkansas Naturals batting - Pitching for Frisco RoughRiders : RHP Arturo Segura
Batting: LHB Dan Jackson 0-0: Foul Ball, location: 23FF
0-1: Fly out, F9 (Flyball, 9LM, EV 101.3 MPH)
Batting: RHB Hector Acosta 0-0: Ground out 6-3 (Groundball, 6M, EV 108.8 MPH)
Batting: RHB Austin Penland 0-0: Called Strike
0-1: Ball
1-1: Fly out, F8 (Flyball, 8LD, EV 93.8 MPH)
Bottom of the 3rd over - 0 runs, 0 hits, 0 errors, 0 left on base; Frisco 1 - Northwest Arkansas 0
TOP OF THE 4TH
Frisco RoughRiders batting - Pitching for Northwest Arkansas Naturals : RHP Bill Fike
Batting: LHB B.J. Tegeler 0-0: Ball
1-0: Ball
2-0: Ball
3-0: Called Strike
3-1: Called Strike
3-2: SINGLE (Line Drive, 6D, EV 103.1 MPH)
Batting: LHB Paul Rodriguez 0-0: Called Strike
0-1: Ball
B.J. Tegeler steals 2nd base
1-1: Ball
2-1: Swinging Strike
2-2: Ball
3-2: Foul Ball, location: 7LDF
3-2: Strikes out swinging
Batting: RHB Mark Bray 0-0: Called Strike
0-1: Swinging Strike
0-2: Strikes out looking
Batting: LHB Justin Howard 0-0: Ball
1-0: Fly out, F6 (Popup, 6, EV 75.0 MPH)
Top of the 4th over - 0 runs, 1 hit, 0 errors, 1 left on base; Frisco 1 - Northwest Arkansas 0
BOTTOM OF THE 4TH
Northwest Arkansas Naturals batting - Pitching for Frisco RoughRiders : RHP Arturo Segura
Batting: RHB Joe Austin 0-0: Foul Ball, location: 2F
0-1: Ground out 4-3 (Groundball, 34, EV 104.4 MPH)
Batting: LHB Daniel Pinedo 0-0: Ball
1-0: DOUBLE (Line Drive, 78M, EV 98.8 MPH)
Batting: LHB Dustin McCoy 0-0: Ball
1-0: Called Strike
1-1: Ground out 6-3 (Groundball, 6M, EV 103.8 MPH)
Batting: RHB Prímio Boucinho 0-0: Called Strike
0-1: Ball
1-1: Fly out, F9 (Flyball, 89D, EV 89.4 MPH)
Bottom of the 4th over - 0 runs, 1 hit, 0 errors, 1 left on base; Frisco 1 - Northwest Arkansas 0
TOP OF THE 5TH
Frisco RoughRiders batting - Pitching for Northwest Arkansas Naturals : RHP Bill Fike
Batting: RHB Aaron Cote 0-0: Swinging Strike
0-1: Ball
1-1: Ball
2-1: Called Strike
2-2: SINGLE (Groundball, 6MD, EV 95.0 MPH)
Batting: RHB Joe Keyser 0-0: Ball
1-0: Bunt missed!
1-1: Bunted foul
1-2: Foul Ball, location: 9LSF
1-2: Grounds into double play, 4-6-3 (Groundball, 4, EV 105.6 MPH)
Batting: RHB Jason Perilli 0-0: Foul Ball, location: 2F
0-1: Ball
1-1: Swinging Strike
1-2: Ball
2-2: SINGLE (Line Drive, 6D, EV 101.9 MPH)
Batting: LHB Jose Mejia 0-0: Ball
Jason Perilli is caught stealing 2nd base 2-6
Top of the 5th over - 0 runs, 2 hits, 0 errors, 0 left on base; Frisco 1 - Northwest Arkansas 0
BOTTOM OF THE 5TH
Northwest Arkansas Naturals batting - Pitching for Frisco RoughRiders : RHP Arturo Segura
Batting: LHB Ken Campbell 0-0: Ball
1-0: Called Strike
1-1: Ball
2-1: DOUBLE (Groundball, 5L, EV 100.6 MPH)
Batting: RHB Sam Gilpin 0-0: Called Strike
0-1: Ball
1-1: Foul Ball, location: 5SF
1-2: Ball
2-2: Ball
3-2: Base on Balls
Batting: LHB Dan Jackson 0-0: Foul Ball, location: 2F
0-1: Ball
1-1: Ball
2-1: Grounds into double play, 3-6-3 (Groundball, 3, EV 77.5 MPH)
Ken Campbell to third
Batting: RHB Hector Acosta 0-0: Fly out, F7 (Flyball, 7D, EV 111.3 MPH)
Bottom of the 5th over - 0 runs, 1 hit, 0 errors, 1 left on base; Frisco 1 - Northwest Arkansas 0
TOP OF THE 6TH
Frisco RoughRiders batting - Pitching for Northwest Arkansas Naturals : RHP Bill Fike
Batting: LHB Jose Mejia 0-0: Ball
1-0: Swinging Strike
1-1: SINGLE (Line Drive, 78S, EV 91.3 MPH)
Batting: RHB Zach Baltzell 0-0: Called Strike
0-1: Ball
1-1: Called Strike
1-2: Ball
2-2: Foul Ball, location: 2F
2-2: Ball
3-2: Ground out 6-3 (Groundball, 6, EV 104.4 MPH)
Jose Mejia to second
Pitching: RHP Andrew Gibbs
Batting: LHB B.J. Tegeler 0-0: Called Strike
0-1: Ball
1-1: Foul Ball, location: 2F
1-2: Strikes out swinging
Batting: LHB Paul Rodriguez 0-0: Swinging Strike
0-1: Called Strike
0-2: Ball
1-2: Fly out, F9 (Flyball, 9, EV 88.8 MPH)
Top of the 6th over - 0 runs, 1 hit, 0 errors, 1 left on base; Frisco 1 - Northwest Arkansas 0
BOTTOM OF THE 6TH
Northwest Arkansas Naturals batting - Pitching for Frisco RoughRiders : RHP Arturo Segura
Batting: RHB Austin Penland 0-0: Called Strike
0-1: Called Strike
0-2: Ball
1-2: Ball
2-2: Ground out 6-3 (Groundball, 6, EV 109.4 MPH)
Batting: RHB Joe Austin 0-0: Ball
1-0: Swinging Strike
1-1: Fly out, F3 (Popup, 3, EV 82.5 MPH)
Batting: LHB Daniel Pinedo 0-0: Ball
1-0: Ball
2-0: Ball
3-0: Called Strike
3-1: Base on Balls
Batting: LHB Dustin McCoy 0-0: Ball
1-0: Called Strike
1-1: Foul Ball, location: 9LMF
1-2: Ball
2-2: Foul Ball, location: 23F
2-2: Ground out 4-3 (Groundball, 4, EV 99.4 MPH)
Bottom of the 6th over - 0 runs, 0 hits, 0 errors, 1 left on base; Frisco 1 - Northwest Arkansas 0
TOP OF THE 7TH
Frisco RoughRiders batting - Pitching for Northwest Arkansas Naturals : RHP Andrew Gibbs
Batting: RHB Mark Bray 0-0: Ground out 3-1 (Groundball, 34, EV 85.0 MPH)
Batting: LHB Justin Howard 0-0: Called Strike
0-1: Ball
1-1: Called Strike
1-2: Ball
2-2: Fly out, F4 (Flyball, 34D, EV 91.9 MPH)
Batting: RHB Aaron Cote 0-0: Fly out, F8 (Flyball, 8LM, EV 91.9 MPH)
Top of the 7th over - 0 runs, 0 hits, 0 errors, 0 left on base; Frisco 1 - Northwest Arkansas 0
BOTTOM OF THE 7TH
Northwest Arkansas Naturals batting - Pitching for Frisco RoughRiders : RHP Arturo Segura
Batting: RHB Prímio Boucinho 0-0: Ball
1-0: Ball
2-0: Called Strike
2-1: Foul Ball, location: 3FF
2-2: Foul Ball, location: 5F
2-2: Foul Ball, location: 2F
2-2: Fly out, F7 (Flyball, 7S, EV 80.0 MPH)
Batting: LHB Ken Campbell 0-0: Foul Ball, location: 3DF
0-1: Ball
1-1: Ball
2-1: SINGLE (Groundball, 4MD, EV 98.1 MPH)
Pinch Hitting: LHB Drew Burris 0-0: SINGLE (Line Drive, 8RS, EV 98.1 MPH)
Ken Campbell to second
Batting: LHB Dan Jackson 0-0: Fly out, F8 (Flyball, 8LD, EV 102.5 MPH)
Pinch Hitting: RHB Justin Kilp 0-0: Foul Ball, location: 2F
0-1: Called Strike
0-2: Strikes out swinging
Bottom of the 7th over - 0 runs, 2 hits, 0 errors, 2 left on base; Frisco 1 - Northwest Arkansas 0
TOP OF THE 8TH
Frisco RoughRiders batting - Pitching for Northwest Arkansas Naturals : RHP Andrew Gibbs
Pitching: RHP Ronnie Doyle
Now at 2B: Michael Sena
Now at SS: Eric Young
Batting: LHB Jaden White 0-0: Called Strike
0-1: Called Strike
0-2: Strikes out looking
Batting: RHB Jason Perilli 0-0: Ball
1-0: Swinging Strike
1-1: SINGLE (Flyball, 4MD, EV 90.0 MPH)
Batting: LHB Jose Mejia 0-0: Ball
1-0: Ball
2-0: Swinging Strike
2-1: Fielders Choice at 2nd, 4-6 (Groundball, 34, EV 94.4 MPH)
Batting: RHB Zach Baltzell 0-0: Ball
Jose Mejia steals 2nd base
1-0: DOUBLE (Groundball, 5L, EV 105.6 MPH)
Jose Mejia scores
Batting: LHB B.J. Tegeler 0-0: Called Strike
0-1: Ball
1-1: Ball
2-1: Called Strike
2-2: Ball
3-2: Fly out, F9 (Flyball, 89M, EV 88.1 MPH)
Top of the 8th over - 1 run, 2 hits, 0 errors, 1 left on base; Frisco 2 - Northwest Arkansas 0
BOTTOM OF THE 8TH
Northwest Arkansas Naturals batting - Pitching for Frisco RoughRiders : RHP Arturo Segura
Batting: RHB Austin Penland 0-0: Ball
1-0: Ball
2-0: Foul Ball, location: 5DF
2-1: Called Strike
2-2: Foul Ball, location: 9LDF
2-2: Foul Ball, location: 9LDF
2-2: Ball
3-2: Foul Ball, location: 25FF
3-2: Fly out, F7 (Flyball, 78D, EV 95.0 MPH)
Batting: RHB Joe Austin 0-0: SINGLE (Groundball, 4MD, EV 98.1 MPH)
Batting: LHB Daniel Pinedo 0-0: Foul Ball, location: 7LSF
0-1: Called Strike
0-2: Ball
1-2: Ball
2-2: Ball
3-2: SINGLE (Line Drive, 78M, EV 104.4 MPH)
Joe Austin to second
Pitching: RHP Carlos Figueroa
Batting: LHB Dustin McCoy 0-0: Ball
1-0: Foul Ball, location: 2F
1-1: Ball
2-1: Foul Ball, location: 2F
2-2: Fly out, F9 (Line Drive, 9, EV 101.9 MPH)
Pinch Hitting: LHB Sean Eddy 0-0: Ball
1-0: SINGLE (Groundball, 3D, EV 98.1 MPH)
Joe Austin to third
Daniel Pinedo to second
Runner from 3rd tries for Home, SAFE, throw by RF to home
Batting: LHB Ken Campbell 0-0: Ball
1-0: Ball
2-0: Called Strike
2-1: Ball
3-1: Foul Ball, location: 2F
3-2: Fly out, F7 (Flyball, 7, EV 83.8 MPH)
Bottom of the 8th over - 1 run, 3 hits, 0 errors, 2 left on base; Frisco 2 - Northwest Arkansas 1
TOP OF THE 9TH
Frisco RoughRiders batting - Pitching for Northwest Arkansas Naturals : RHP Ronnie Doyle
Now at C: Sean Eddy
Batting: LHB Paul Rodriguez 0-0: Called Strike
0-1: Called Strike
0-2: Strikes out swinging
Batting: RHB Mark Bray 0-0: Called Strike
0-1: Foul Ball, location: 25FF
0-2: Ball
1-2: Ground out 5-3 (Groundball, 56, EV 98.8 MPH)
Batting: LHB Justin Howard 0-0: Ball
1-0: Called Strike
1-1: SOLO HOME RUN (Flyball, 9D, EV 103.1 MPH), Distance : 411 ft
Batting: RHB Aaron Cote 0-0: SINGLE (Groundball, 4MD, EV 101.3 MPH)
Batting: LHB Jaden White 0-0: Ball
Wild Pitch!
Aaron Cote to second
1-0: Ball
2-0: Foul Ball, location: 7LMF
2-1: Foul Ball, location: 2F
2-2: Strikes out swinging
Top of the 9th over - 1 run, 2 hits, 0 errors, 1 left on base; Frisco 3 - Northwest Arkansas 1
BOTTOM OF THE 9TH
Northwest Arkansas Naturals batting - Pitching for Frisco RoughRiders : RHP Carlos Figueroa
Now in RF: Corey Jackson
Batting: RHB Eric Young 0-0: Called Strike
0-1: Foul Ball, location: 2F
0-2: Foul Ball, location: 2F
0-2: Ball
1-2: Foul Ball, location: 9LDF
1-2: Ground out 5-3 (Groundball, 56S, EV 88.1 MPH)
Batting: LHB Dan Jackson 0-0: Fly out, F8 (Flyball, 8RD, EV 96.3 MPH)
Batting: SHB Michael Sena 0-0: Called Strike
0-1: Fly out, F9 (Flyball, 9LS, EV 96.3 MPH)
Bottom of the 9th over - 0 runs, 0 hits, 0 errors, 0 left on base; Frisco 3 - Northwest Arkansas 1
Wednesday, May 8th , 2024 - OOTP Baseball 24.11 Build 85